 Dungeon Crawl Stone Soup version 0.31-a0-321-g19405a7a6a (webtiles) character file.

Game seed: 16818641414127732279

32 testman the Changeling (level 3, -3/35 HPs)
             Began as a Troll Shapeshifter on July 17, 2023.
             Slain by Crazy Yiuf
             ... wielding a +4 quarterstaff of chaos
              (5 damage)
             ... while petrified by Crazy Yiuf
             ... on level 2 of the Dungeon.
             The game lasted 00:02:12 (711 turns).

testman the Changeling (Troll Shapeshifter)          Turns: 711, Time: 00:02:13

Health: -3/35      AC:  4    Str: 25    XL:     3   Next: 8%
Magic:  2/2        EV:  1    Int:  4    God:
Gold:   95         SH:  0    Dex: 10    Spells: 2/2 levels left

rFire   + .          .
                       - Unarmed
rCold   + . .        (no shield)
rNeg    + + +        a - +0 animal skin
rPois   ∞            (helmet currently unavailable)
rElec   +            (cloak currently unavailable)
rCorr   +            (gloves unavailable)
SInv    .            (boots unavailable)
Will    .....        (no amulet)
Stlth   +            (no ring)
HPRegen 1.05/turn    (no ring)
MPRegen 0.08/turn

%: no passive effects
@: beast-form, resistant, petrified
A: beast (slay +2), large, unfitting armour, claws 3, regeneration 1, shaggy fur
1, tough skin 1
a: Begin Untransformation


You were on level 2 of the Dungeon.
You were a hulking beast.
You visited 1 branch of the dungeon, and saw 2 of its levels.

You collected 95 gold pieces.

Inventory:

Armour
 a - a +0 animal skin (worn)
 e - a +1 hat
Talismans
 c - a beast talisman
Scrolls
 d - a scroll of vulnerability {unknown}
 f - a scroll of fear {unknown}
 g - a scroll of enchant weapon {unknown}
Potions
 b - a potion of lignification


   Skills:
 + Level 2.1 Fighting
 - Level 1.5 Dodging
 + Level 2.6 Unarmed Combat
 + Level 3.3 Shapeshifting


You had 2 spell levels left.
You didn't know any spells.
Your spell library contained the following spells:

 Spells                   Type           Power      Damage    Failure   Level
 Kiss of Death            Conj/Necr      0%         2d5       50%         1
 Confusing Touch          Hex            0%         N/A       86%         3
 Dispel Undead            Necr           0%         3d6       99%         4


Dungeon Overview and Level Annotations

Branches:
Dungeon (2/15)

Altars:

Annotations:
D:2 Crazy Yiuf


Innate Abilities, Weirdness & Mutations

You are a hulking beast.
Your limbs bulge with bestial killing power. (Slay +2)
You are immune to poison.
You are too large for most types of armour.
You have claws for hands.
Your natural rate of healing is unusually fast.
You are covered in fur. (AC +1)
You have tough skin. (AC +1)


Message History

You scratch the quokka.
You kill the quokka!
No target in view!
No target in view!
No target in view!
Things that are here:
a +0 short sword; 3 stones; a kobold corpse HP restored.
You now have 78 gold pieces (gained 9).
Found a hammer.
You now have 95 gold pieces (gained 17).
Found two hammers.
Found a hammer.
Found a hammer.
Found a runed translucent door.
Crazy Yiuf shouts!
You open the door. You scratch Crazy Yiuf.
Crazy Yiuf is moderately wounded.
Crazy Yiuf hits you with a +4 quarterstaff of chaos!
You scratch Crazy Yiuf.
Crazy Yiuf is heavily wounded.
Crazy Yiuf hits you with a +4 quarterstaff of chaos!
You are slowing down.
You scratch Crazy Yiuf but do no damage.
Crazy Yiuf is heavily wounded.
Crazy Yiuf barely misses you. x2; Your limbs are stiffening.
You scratch Crazy Yiuf.
Crazy Yiuf is severely wounded.
Crazy Yiuf hits you with a +4 quarterstaff of chaos!
Crazy Yiuf freezes you.
You have turned to stone.
Crazy Yiuf hits you with a +4 quarterstaff of chaos!
Crazy Yiuf burns you.
Crazy Yiuf hits you with a +4 quarterstaff of chaos!
* * * LOW HITPOINT WARNING * * *
You feel protected.
Crazy Yiuf screams, "Proton!"
Crazy Yiuf hits you with a +4 quarterstaff of chaos!
* * * LOW HITPOINT WARNING * * *
Crazy Yiuf hits you with a +4 quarterstaff of chaos!
You die...

#........................
#.......................#
#.....).................#
#..################......
#..# ...$. #..##♣♣♣♣♣ ##+
#...+..♣.♣♣♣ ###
#.).....♣..♣#...#
#..)...♣♣♣♣hg...#
#..)+)♣♣ ♣♣#..)# #..##♣♣
### ####


You could see Crazy Yiuf.

Vanquished Creatures
  3 dart slugs (D:1)
  4 ball pythons
  4 bats (D:1)
  An endoplasm (D:1)
  A giant cockroach (D:1)
  A goblin (D:2)
  3 hobgoblins
  A quokka (D:2)
  A frilled lizard (D:1)
  4 kobolds
23 creatures vanquished.

Notes
Turn   | Place    | Note
-------+----------+-------------------------------------------
     0 | D:1      | testman the Troll Shapeshifter began the quest for the Orb.
     0 | D:1      | Reached XP level 1. HP: 19/19 MP: 0/0
   200 | D:1      | Reached XP level 2. HP: 28/28 MP: 1/1
   662 | D:2      | Reached XP level 3. HP: 31/35 MP: 2/2
   699 | D:2      | Found a runed translucent door.
   700 | D:2      | Noticed Crazy Yiuf
   710 | D:2      | HP: 1/35 [Crazy Yiuf/+4 quarterstaff of chaos (6)]
   711 | D:2      | Slain by Crazy Yiuf

Illustrated notes

Levels and vault maps discovered:
D:1:      eino_arrival_druids_welcome, layout_loops_ring
D:2:      layout_basic, minmay_bisected, uniq_crazy_yiuf_cottage

Skill      XL: |  1  2 |
---------------+-------+-----
Fighting       | 2 |  2.1
Dodging        | |  1.5
Unarmed Combat | |  2.6
Shapeshifting  | |  3.3

Action                     || total
---------------------------++-------
  Melee: Unarmed           ||    49
 Armour: Animal skin       ||    25
  Dodge: Dodged            ||    17

Table legend: (Time is in decaauts)
 A = Elapsed time spent in this place.
 B = Non-inter-level travel time spent in this place.
 C = Inter-level travel time spent in this place.
 D = Time resting spent in this place.
 E = Time spent auto-exploring this place.
 F = Levels seen in this place.
 G = Mean time per level.
                   A        B        C        D        E       F      G
               +--------+--------+--------+--------+--------+-----+--------+
         Total |    710 |    624 |     86 |      0 |    475 |   2 |  355.0 |
       Dungeon |    710 |    624 |     86 |      0 |    475 |   2 |  355.0 |
               +--------+--------+--------+--------+--------+-----+--------+

Top non-repeatable levels by time:
     D:1: 654 daAuts
     D:2: 56 daAuts
